cohdb
Replays
Latest Replays
All Replays
Popular Replays
Top Player Replays
Match Explorer
How It Works
Community
CoH3 Stats
Reddit
Sign in to upload your games and track your stats! →
Sign in with Steam
Match 47176098
Unlisted
Match 47176098
Overview
Messages
Build Orders
End
Construct Barracks
Selects Airborne Battlegroup
Selects Pathfinders
Riflemen Squad
Riflemen Squad
Riflemen Squad
Infantry Support Center
M1918 Browning Automatic Rifles
Selects Paratrooper Squad Paradrop
Paratrooper Squad Paradrop
Construct Medical Station
Paratrooper Squad Paradrop
Selects Anti-tank Gun Team Paradrop
Pathfinder Squad
Selects Recon Loiter
Selects Supply Drop
Construct Tank Depot
M4A1 Sherman Medium Tank
Engineer Squad
Recon Loiter
Supply Drop
Selects Carpet Bombing Run
M4A1 Sherman Medium Tank
Recon Loiter
Grenade Package
Paratrooper Squad Paradrop
Recon Loiter
보리꼬리
Riberstein
0
0
Comments
sign in to comment!
No comments posted yet!